 Dungeon Crawl Stone Soup version 0.22.0-13-g43fe8f2 (webtiles) character file.

30 digijack the Grasshopper (level 3, 0/16 HPs)
             Began as a Felid Warper on Aug 16, 2018.
             Slain by a goblin (3 damage)
             ... on level 1 of the Dungeon.
             The game lasted 00:06:19 (1167 turns).

digijack the Grasshopper (Felid Warper)             Turns: 1167, Time: 00:06:19

Health: 0/16       AC:  1    Str:  7    XL:     3   Next: 5%
Magic:  4/7        EV: 19    Int: 15    God:
Gold:   28         SH:  0    Dex: 15    Spells: 2/6 levels left
                                        Lives:  0   Deaths: 0

rFire    . . .     SeeInvis +     - Unarmed
rCold    . . .     Gourm    .   (shield unavailable)
rNeg     . . .     Faith    .   (armour unavailable)
rPois    .         Spirit   .   (helmet unavailable)
rElec    .         Reflect  .   (cloak unavailable)
rCorr    .         Harm     .   (gloves unavailable)
MR       .....                  (boots unavailable)
Stlth    ++........             (no amulet)
HPRegen  0.05/turn              (no ring)
MPRegen  0.10/turn              (no ring)

@: shrouded (expiring), quick
A: very small, no armour, no weapons or thrown items, stealth, claws 1, fangs 3,
see invisible, carnivore, speed 1, shaggy fur 1, slow metabolism 1, sharp paws
a: no special abilities


You were on level 1 of the Dungeon.
You were completely stuffed.

You visited 1 branch of the dungeon, and saw 1 of its levels.

You collected 28 gold pieces.

Inventory:

Scrolls
 b - a scroll of blinking
Potions
 d - a potion of mutation {unknown}
Comestibles
 c - a ration


   Skills:
 + Level 2.3 Fighting
 + Level 3.6 Dodging
 + Level 1.5 Stealth
 + Level 2.3 Unarmed Combat
 + Level 2.3 Spellcasting
 + Level 4.4 Translocations


You had 2 spell levels left.
You knew the following spells:

 Your Spells              Type           Power        Failure   Level  Hunger
a - Blink                 Tloc           N/A          5%          2    ###....
b - Shroud of Golubria    Chrm/Tloc      #.........   13%         2    ###....

Your spell library contained the following spells:

 Spells                   Type           Power        Failure   Level  Hunger
 Teleport Other           Tloc           ###.....     11%         3    ###....
 Passage of Golubria      Tloc           N/A          34%         4    #####..
 Gell's Gravitas          Tloc           ###.......   11%         3    ###....
 Lesser Beckoning         Tloc           ###.......   11%         3    ###....


Dungeon Overview and Level Annotations

Branches:
Dungeon (1/15)

Altars:


Innate Abilities, Weirdness & Mutations

You cannot wear armour.
You are incapable of wielding weapons or throwing items.
Your paws allow you to move quietly. (Stealth)
You have sharp claws.
You have razor-sharp teeth.
You have supernaturally acute eyesight. (SInv)
You are carnivorous and can eat meat at any time.
You cover ground quickly.
You are covered in fur. (AC +1)
You have a slow metabolism.
Your sharp claws are effective at attacking unaware monsters.


Message History

You barely miss the hobgoblin.
The hobgoblin is severely wounded.
The hobgoblin barely misses you.
You completely miss the hobgoblin.
The hobgoblin is severely wounded.
The hobgoblin completely misses you.
You barely miss the hobgoblin. Your bite misses the hobgoblin.
The hobgoblin is heavily wounded.
Your shroud begins to fray at the edges.
The hobgoblin completely misses you.
You scratch the hobgoblin.
The hobgoblin is almost dead.
The hobgoblin misses you.
You scratch the hobgoblin.
You kill the hobgoblin!
You closely miss the goblin. The goblin completely misses you.
You scratch the goblin but do no damage.
The goblin completely misses you.
You barely miss the goblin. The goblin hits you.
You die...

#...(.......###########.#
#########...# #.# #...# #.#
#...# #.# #...###########.#
######## #...............#
###......####.###.#.######.#
#.............##.###.......#
#.............g@..#..#######
#..#.#...#######......###
#...>....# ###........#
#..#.#...# #..........#
#.......## #.#........#
##.......# # #..#...#.#
....########### #..##.##.#
###.# ......#..##.# .# #...
.........##.#


You could see a goblin.

Vanquished Creatures
  2 dart slugs (D:1)
  3 leopard geckos (D:1)
  3 giant cockroaches (D:1)
  2 goblins (D:1)
  A hobgoblin (D:1)
  7 kobolds (D:1)
  3 bats (D:1)
  2 frilled lizards (D:1)
  A rat (D:1)
24 creatures vanquished.

Notes
Turn   | Place    | Note
-------+----------+-------------------------------------------
     0 | D:1      | digijack the Felid Warper began the quest for the Orb.
     0 | D:1      | Reached XP level 1. HP: 9/9 MP: 4/4
   272 | D:1      | Reached XP level 2. HP: 13/13 MP: 6/6
   286 | D:1      | Learned a level 2 spell: Blink
   290 | D:1      | Learned a level 2 spell: Shroud of Golubria
   308 | D:1      | Reached skill level 1 in Stealth
  1155 | D:1      | Reached XP level 3. HP: 8/16 MP: 2/7
  1167 | D:1      | Slain by a goblin

Skill      XL: |  1  2 |
---------------+-------+-----
Stealth        | 1 |  1.5
Fighting       | |  2.3
Dodging        | |  3.6
Unarmed Combat | |  2.3
Spellcasting   | |  2.3
Translocations | |  4.4

Action                   || total
-------------------------++-------
Melee: Unarmed           ||    89
       Bite              ||     8
 Cast: Shroud of Golubri ||     4
       Blink             ||     2
  Use: Scroll            ||     1
 Stab: Sleeping          ||     3
  Eat: Chunk             ||     8
Armor: Skin              ||     6
Dodge: Dodged            ||    69
